 Dungeon Crawl Stone Soup version 0.23-b1-67-g8bd44de (webtiles) character file.

Game seed: 18333963898895150749

2921 Folque the Magician (level 9, -1/58 HPs)
             Began as an Octopode Wizard on Feb 5, 2019.
             Was a Follower of Sif Muna.
             Engulfed by a cloud of noxious fumes (2 damage)
             ... on level 7 of the Dungeon.
             The game lasted 00:43:46 (11120 turns).

Folque the Magician (Octopode Wizard)              Turns: 11120, Time: 00:43:47

Health: -1/58      AC:  1    Str:  7    XL:     9   Next: 79%
Magic:  0/20       EV: 15    Int: 23    God:    Sif Muna [*.....]
Gold:   617        SH:  0    Dex: 10    Spells: 12/23 levels left

rFire    . . .     SeeInvis .   D - +3 spear (freeze)
rCold    . . .     Gourm    .   (no shield)
rNeg     . . .     Faith    .   a - +0 hat
rPois    .         Spirit   .   (no amulet)
rElec    .         Reflect  .   (no ring)
rCorr    .         Harm     .   (no ring)
MR       .....                  (no ring)
Stlth    ++........             (no ring)
HPRegen  0.19/turn              (no ring)
MPRegen  0.17/turn              (no ring)
                                (no ring)
                                (no ring)

@: confused, very slightly contaminated
A: almost no armour, stealthy swim, amphibious, 8 rings, constrict 8, camouflage
1, gelatinous body 1
a: Divine Energy, Renounce Religion


You were on level 7 of the Dungeon.
You worshipped Sif Muna.
Sif Muna was aware of your devotion.
You were not hungry.

You visited 1 branch of the dungeon, and saw 7 of its levels.

You collected 617 gold pieces.

Inventory:

Hand Weapons
 e - a +0 short sword
 v - a +0 glaive
 y - a +0 hand crossbow
 D - a +3 spear of freezing (weapon)
 E - a +1 quarterstaff of draining
 J - the +7 war axe of Spontaneous Combustion {drain, rElec MR+}
   (You found it on level 7 of the Dungeon)

   A truly terrible weapon, it drains the life of those it strikes.
   It insulates you from electricity.
   It affects your resistance to hostile enchantments.
Missiles
 s - 3 throwing nets (quivered)
Armour
 a - a +0 hat (worn)
Magical Staves
 F - an uncursed staff of summoning {unknown}
Jewellery
 d - a cursed -3 ring of strength {unknown}
 w - a cursed ring of attention {unknown}
 B - an uncursed amulet of harm {unknown}
 I - the amulet "Elis Ibo" {+Rage rC+ SInv, unknown}
   (You found it on level 7 of the Dungeon)

   [amulet of rage]

   It protects you from cold.
   It lets you see invisible.
   It lets you go berserk.
 K - a +3 ring of evasion {unknown}
Wands
 u - a wand of flame (14)
 G - a wand of enslavement (2)
 H - a wand of digging (2)
Scrolls
 b - 10 scrolls of identify
 f - a scroll of fog
 h - 3 scrolls of remove curse
 i - 2 scrolls of teleportation
 j - 2 scrolls of magic mapping {unknown}
 m - 3 scrolls of immolation {unknown}
 o - 2 scrolls of noise {unknown}
 q - a scroll of enchant armour {unknown}
 A - 2 scrolls of blinking {unknown}
 C - 2 scrolls of random uselessness {unknown}
Potions
 g - a potion of cancellation {unknown}
 l - 2 potions of might {unknown}
 n - 3 potions of haste {unknown}
 p - a potion of mutation {unknown}
 r - a potion of flight {unknown}
 t - 2 potions of resistance {unknown}
 x - a potion of lignification {unknown}
 z - a potion of curing
Miscellaneous
 L - a phial of floods
Comestibles
 c - 15 rations


   Skills:
 - Level 4.1 Fighting
 - Level 2.0 Polearms
 + Level 6.1 Dodging
 - Level 4.0 Stealth
 * Level 7.9 Spellcasting
 - Level 5.0 Conjurations
 - Level 1.0 Summonings
 - Level 1.0 Translocations
 - Level 1.0 Fire Magic
 - Level 1.0 Air Magic
 - Level 2.2 Poison Magic
 + Level 3.8 Invocations


You had 12 spell levels left.
You knew the following spells:

 Your Spells              Type           Power        Failure   Level  Hunger
a - Magic Dart            Conj           ####         1%          1    None
b - Call Imp              Summ           ##......     7%          2    None
c - Blink                 Tloc           N/A          7%          2    None
d - Mephitic Cloud        Conj/Pois/Air  ###.....     7%          3    None
e - Conjure Flame         Conj/Fire      ###.....     6%          3    None

Your spell library contained the following spells:

 Spells                   Type           Power        Failure   Level  Hunger
 Infusion                 Chrm           #...         7%          1    None
 Shroud of Golubria       Chrm/Tloc      ##........   9%          2    None
 Slow                     Hex            #.......     11%         2    None
 Ozocubu's Armour         Chrm/Ice       #.......     22%         3    None
 Spectral Weapon          Hex/Chrm       #.......     22%         3    None
 Olgreb's Toxic Radiance  Pois           ###.....     28%         4    ###....


Dungeon Overview and Level Annotations

Branches:
Dungeon (7/15)             Temple (0/1) D:7

Altars:
Ashenzari
Fedhas
Hepliaklqana
Okawaru
Ru
Sif Muna
Trog
Uskayaw
Yredelemnul

Annotations:
D:2 Crazy Yiuf
D:6 3 runed translucent doors, Hylith's ghost, novice HOFi; Kairos's ghost, novice VSFi
D:7 Harold


Innate Abilities, Weirdness & Mutations

You cannot wear most types of armour.
You are very stealthy in the water. (Stealth+)
You are amphibious.
You can wear up to eight rings at the same time.
You can use your tentacles to constrict eight enemies at once.
Your skin changes colour to match your surroundings (Stealth+).
Your rubbery body absorbs attacks. (AC +1, EV +1)


Message History

The hippogriff claws you.
* * * LOW HITPOINT WARNING * * *
You feel much better. The hippogriff bites you!
* * * LOW HITPOINT WARNING * * *
The hippogriff pecks you.
* * * LOW HITPOINT WARNING * * *
The hippogriff claws you.
* * * LOW HITPOINT WARNING * * *
Casting: Blink (safe; 7% risk of failure)
Confirm with . or Enter, or press ? or * to list all spells.
You miscast Blink.
You catch a glimpse of the back of your own head.
The hippogriff closely misses you. The hippogriff pecks you.
* * * LOW HITPOINT WARNING * * *
The hippogriff barely misses you.
Casting: Blink (safe; 7% risk of failure)
Confirm with . or Enter, or press ? or * to list all spells.
You blink.
You are engulfed in noxious fumes.
You choke on the stench!
You are confused.
You die...

#.#.#.##.##[#.#.....#.#.(........
..#.##)###.##.#..#..#............
####.##...##.####'###..#.........
..###.#####.###..#..##....##.....
#).###.....###..###..##...##.....
##(.####'####..#####..##..##.....
.##..##...##..###§#.#..#..##(....
..##.#.###.#.###.H.###.#..##.....
#..##'.# #.'###$@⌠.%###'...#.....
#..[##.###.#.###...###.#.#.#.....
#....##.#.##..###$###..#.#...####
#...####'####..#####..##.#....#
#..##.......##..###..##..#....#
..##..###.#..##..#..## .##..(.#
###..# #.....###'###..# ...>.#
....# ###.#.........# #..##[#
##### #.########### #..# .#


You could see a hippogriff.

Vanquished Creatures
  A hippogriff (D:7)
  Sigmund (D:2)
  A shadow (D:7)
  2 ice beasts
  A phantom (D:5)
  3 orc warriors
  2 sky beasts (D:7)
  2 ogres
  3 centaurs
  5 killer bees (D:7)
  A water moccasin skeleton (D:6)
  5 wights (D:6)
  5 crimson imps
  A howler monkey (D:7)
  An orc priest (D:4)
  2 hounds
  An orc wizard (D:4)
  2 bullfrog skeletons
  An iguana (D:7)
  5 worker ants
  Terence (D:3)
  2 hound skeletons
  A gnoll (D:4)
  6 adders
  A shadow imp (D:7)
  An ooze (D:5)
  An adder zombie (D:5)
  An adder skeleton (D:4)
  3 worms
  A dart slug (D:2)
  5 leopard geckos
  13 orcs
  11 bats
  8 giant cockroaches
  2 gnoll zombies (D:5)
  6 goblins
  11 hobgoblins
  6 jackals (D:1)
  12 kobolds
  A quokka (D:2)
  3 ball pythons
  6 frilled lizards
  A jackal skeleton (D:4)
  A leopard gecko skeleton (D:6)
  A leopard gecko zombie (D:5)
  8 rats
158 creatures vanquished.

Vanquished Creatures (collateral kills)
  A centaur (D:5)
  A bullfrog (D:6)
  A killer bee (D:7)
  A jelly (D:5)
  2 crimson imps
  An iguana (D:4)
  5 adders
  2 gnolls (D:4)
  2 worms (D:2)
  A dart slug (D:4)
  A leopard gecko (D:5)
  7 orcs
  A giant cockroach (D:3)
  A goblin (D:6)
  A hobgoblin (D:6)
  A kobold (D:1)
  A quokka (D:3)
  A bat (D:2)
  A rat (D:2)
32 creatures vanquished.

Grand Total: 190 creatures vanquished

Notes
Turn   | Place    | Note
-------+----------+-------------------------------------------
     0 | D:1      | Folque the Octopode Wizard began the quest for the Orb.
     0 | D:1      | Reached XP level 1. HP: 11/11 MP: 4/4
    48 | D:1      | Reached skill level 1 in Fighting
   285 | D:1      | Reached XP level 2. HP: 18/18 MP: 3/6
   452 | D:1      | Reached XP level 3. HP: 5/24 MP: 1/7
   456 | D:1      | Learned a level 2 spell: Call Imp
   459 | D:1      | Learned a level 2 spell: Blink
   463 | D:1      | Learned a level 3 spell: Mephitic Cloud
   841 | D:1      | Reached skill level 1 in Poison Magic
  1377 | D:2      | Reached XP level 4. HP: 19/29 MP: 6/9
  2024 | D:2      | Found a hide-covered altar of Uskayaw.
  2147 | D:2      | Reached skill level 1 in Air Magic
  2651 | D:2      | Found a runed translucent door.
  2652 | D:2      | Noticed Crazy Yiuf
  2702 | D:3      | Reached XP level 5. HP: 26/34 MP: 4/10
  2829 | D:3      | Noticed Sigmund
  3193 | D:2      | Killed Sigmund
  3193 | D:2      | Reached skill level 4 in Spellcasting
  3193 | D:2      | Reached XP level 6. HP: 39/39 MP: 2/13
  3238 | D:2      | Learned a level 3 spell: Conjure Flame
  3601 | D:3      | Found a sacrificial altar of Ru.
  3640 | D:3      | Found a hazy altar of Hepliaklqana.
  4157 | D:3      | Noticed Terence
  4171 | D:3      | Killed Terence
  4196 | D:3      | Reached skill level 5 in Spellcasting
  4949 | D:3      | Found an iron altar of Okawaru.
  4953 | D:3      | Found a bloodstained altar of Trog.
  5617 | D:4      | Reached XP level 7. HP: 26/45 MP: 7/14
  6211 | D:5      | Entered Level 5 of the Dungeon
  6989 | D:5      | Reached skill level 1 in Fire Magic
  7332 | D:5      | Found a basalt altar of Yredelemnul.
  7405 | D:5      | Reached XP level 8. HP: 38/52 MP: 12/15
  7512 | D:5      | Found a blossoming altar of Fedhas.
  7628 | D:6      | Found a shattered altar of Ashenzari.
  7998 | D:5      | Reached skill level 5 in Dodging
  8353 | D:6      | Found a deep blue altar of Sif Muna.
  8359 | D:6      | Became a worshipper of Sif Muna the Loreminder
  8415 | D:6      | Found a bloodstained altar of Trog.
  8467 | D:6      | Found a runed translucent gate.
  8467 | D:6      | Found a runed translucent gate.
  8467 | D:6      | Found a runed translucent gate.
  8467 | D:6      | Noticed Kairos's ghost (novice VSFi)
  8468 | D:6      | Noticed Hylith's ghost (novice HOFi)
  8650 | D:6      | Reached skill level 6 in Spellcasting
  8961 | D:7      | Reached skill level 5 in Conjurations
  9241 | D:7      | Found a staircase to the Ecumenical Temple.
  9267 | D:7      | Reached XP level 9. HP: 44/58 MP: 11/19
  9337 | D:6      | Reached * piety under Sif Muna
  9337 | D:6      | Reached skill level 7 in Spellcasting
  9616 | D:7      | Reached skill level 1 in Invocations
  9986 | D:7      | Reached skill level 1 in Polearms
 10398 | D:7      | Noticed Harold
 10878 | D:7      | Got a scintillating platinum amulet
 10881 | D:7      | Identified the Reference Book on Protection and
                  | Contamination
 10986 | D:7      | Got a translucent war axe
 10987 | D:7      | Identified the +7 war axe of Spontaneous Combustion {drain,
                  | rElec MR+} (You found it on level 7 of the Dungeon)
 11119 | D:7      | HP: 1/58 [hippogriff (3)]
 11120 | D:7      | Engulfed by a cloud of noxious fumes

Skill      XL: |  1  2  3  4  5  6  7  8  9 |
---------------+----------------------------+-----
Fighting       | 1 2 3 4 |  4.1
Poison Magic   | 1 2 |  2.2
Air Magic      | 1 |  1.0
Stealth        | 3 4 |  4.0
Spellcasting   | 4 5 6 7 |  7.9
Conjurations   | 2 3 4 5 |  5.0
Dodging        | 4 5 6 |  6.1
Fire Magic     | 1 |  1.0
Invocations    | 3 |  3.8
Polearms       | 2 |  2.0
Summonings     | |  1.0
Translocations | |  1.0

Action                   |  1- 3 |  4- 6 |  7- 9 || total
-------------------------+-------+-------+-------++-------
Melee: Short sword       |    98 |   131 |    49 ||   278
       Constrict         |    28 |    35 |    29 ||    92
       Unarmed           |     3 |       |       ||     3
       Tentacles         |     9 |    14 |    20 ||    43
       Glaive            |       |       |   129 ||   129
       Spear             |       |       |   191 ||   191
 Cast: Magic Dart        |    18 |     9 |    42 ||    69
       Call Imp          |     1 |    23 |    53 ||    77
       Mephitic Cloud    |       |    15 |    29 ||    44
       Blink             |       |     3 |    13 ||    16
       Conjure Flame     |       |     3 |    38 ||    41
  Use: Potion            |       |       |     6 ||     6
       Scroll            |       |       |     4 ||     4
 Stab: Sleeping          |     3 |    15 |     5 ||    23
       Confused          |       |     1 |     6 ||     7
  Eat: Chunk             |     2 |    14 |     9 ||    25
       Ration            |       |       |     3 ||     3
Armor: Skin              |     8 |    16 |    10 ||    34
Dodge: Dodged            |    93 |    73 |   150 ||   316
